Map: Altitude LE

Players

DirTyMoOnKeY - Winner!

  • Race: Zerg Zerg
  • League: Platinum
  • Spawn Location: 1:00

papa

  • Race: Terran Terran
  • League: Platinum
  • Spawn Location: 7:00

VOD

Have the link to the VOD?

Description

Time

  • Played on: Jan. 24, 2023, 9:49 p.m.
  • Length: 40:25
Show
View Real Time Build Order
Export as new Build Order

DirTyMoOnKeY Zerg - Winner!

Build Orders: Pool First, Lurkers 

Get SALT Encoding   

  12  0:01  Drone  
  13  0:09  Drone  
  14  0:28  Spawning Pool  
  13  0:33  Extractor  
  13  0:34  Drone  
  13  0:38  Drone  
  14  0:48  Overlord  
  15  1:24  Extractor  
  14  1:29  Zergling x4  
  14  1:30  Zergling x2  
  17  1:41  Hatchery  
  17  1:45  Extractor  
  15  1:47  Drone  
  15  1:50  Queen  
  18  1:56  Drone  
  19  2:05  Drone  
  20  2:14  Drone  
  20  2:37  Drone x2  
  20  2:43  Roach Warren  
  20  2:44  Drone  
  20  2:53  Queen  
  20  2:55  Drone  
  20  2:57  Drone  
  24  3:14  Queen  
  25  3:50  Overlord, Drone x3  
  25  3:51  Overlord, Extractor  
  27  4:09  Queen  
  29  4:15  Lair  
  28  4:40  Drone x13  
  41  4:47  Spine Crawler  
  41  4:49  Queen  
  42  5:01  Drone x2  
  42  5:02  Overlord  
  44  5:18  Nydus Network  
  43  5:21  Roach x2  
  43  5:22  Roach x2  
  50  5:44  Roach  
  50  5:49  Overlord x2  
  52  6:00  Hydralisk Den  
  51  6:07  Queen x2  
  51  6:08  Roach x6  
  67  6:18  Spine Crawler  
  66  6:32  Nydus Canal  
  66  6:39  Overlord x2  
  66  6:40  Overlord x2  
  52  7:16  Hydralisk x3  
  52  7:17  Hydralisk x3  
  60  7:25  Roach  
  60  7:26  Roach x7  
  60  7:28  Drone  
  69  7:53  Roach x4  
  71  8:04  Drone x2  
  73  8:13  Hydralisk x2  
  73  8:19  Queen x2  
  79  8:23  Overlord  
  81  8:32  Overlord x2  
  75  8:55  Queen x2  
  57  9:20  Drone x6  
  57  9:33  Lurker Den  
  56  9:44  Hatchery  
  55  9:47  Drone x4  
  59  10:00  Hydralisk x5  
  59  10:03  Drone  
  59  10:05  Drone  
  71  10:08  Drone  
  72  10:25  Hydralisk x3  
  72  10:27  Hydralisk  
  80  10:33  Lurker x2  
  80  10:34  Lurker  
  83  10:36  Lurker  
  84  10:53  Spore Crawler  
  84  10:56  Spore Crawler  
  82  11:01  Drone  
  82  11:02  Drone x6, Spore Crawler  
  82  11:03  Drone  
  87  11:29  Hydralisk x2  
  87  11:31  Overlord  
  87  11:32  Overlord x3  
  89  11:34  Drone  
  90  11:41  Evolution Chamber  
  90  11:42  Evolution Chamber  
  88  11:47  Drone x2  
  88  11:49  Infestation Pit  
  89  12:03  Drone x7  
  89  12:04  Drone  
  89  12:05  Drone  
  98  12:15  Extractor  
  97  12:20  Hydralisk x2  
  97  12:21  Hydralisk  
  97  12:22  Extractor  
  102  12:44  Hydralisk x2  
  102  12:45  Drone, Hydralisk x5  
  102  12:49  Drone  
  118  12:58  Drone x3  
  111  13:16  Drone x3  
  111  13:18  Queen x3, Spore Crawler  
  119  13:22  Overlord  
  119  13:23  Drone  
  120  13:50  Drone x10  
  130  13:57  Spine Crawler  
  129  14:07  Hatchery  
  128  14:10  Drone x2  
  128  14:11  Overlord x2  
  128  14:12  Overlord  
  130  14:18  Infestation Pit  
  130  14:22  Spire  
  130  14:23  Drone  
  129  14:33  Extractor  
  129  14:36  Hydralisk x2  
  129  14:37  Hydralisk x2  
  129  14:38  Extractor  
  135  14:43  Grooved Spines  
  135  14:46  Zerg Missile Weapons Level 1  
  135  14:49  Zerg Melee Weapons Level 1  
  135  14:55  Infestor  
  135  14:56  Infestor  
  137  15:14  Lurker x3  
  138  15:17  Overlord x5  
  138  15:19  Drone  
  141  15:21  Drone  
  141  15:23  Drone  
  143  15:30  Drone x3  
  143  15:31  Drone  
  147  15:48  Hive  
  147  15:52  Corruptor x2  
  147  15:54  Muscular Augments  
  147  15:55  Corruptor  
  153  15:59  Corruptor  
  155  16:21  Drone x3  
  155  16:22  Drone  
  155  16:24  Extractor  
  158  16:26  Extractor, Drone x6  
  158  16:27  Drone x2  
  158  16:28  Drone, Hatchery  
  158  16:32  Drone  
  166  16:34  Drone  
  166  16:35  Corruptor  
  169  17:18  Corruptor  
  169  17:19  Corruptor x8  
  187  17:35  Overlord  
  187  17:38  Greater Spire  
  187  17:43  Zerg Missile Weapons Level 2, Ultralisk Cavern  
  186  17:45  Zerg Ground Armor Level 1  
  186  17:49  Evolution Chamber  
  185  18:05  Seismic Spines  
  185  18:20  Spore Crawler  
  185  18:23  Spore Crawler  
  185  18:24  Spine Crawler  
  182  18:48  Spire  
  181  18:51  Zerg Flyer Weapons Level 1  
  181  18:54  Zerg Melee Weapons Level 2  
  181  19:00  Overlord  
  181  19:01  Overlord x4  
  181  19:02  Adaptive Talons, Ultralisk  
  183  19:03  Ultralisk x2  
  174  19:20  Brood Lord  
  174  19:23  Brood Lord  
  178  19:28  Extractor  
  178  19:30  Extractor  
  178  19:31  Spine Crawler  
  175  19:43  Roach  
  175  19:44  Roach x4  
  185  19:59  Chitinous Plating  
  185  20:11  Drone  
  185  20:13  Zergling x2  
  185  20:14  Drone x2, Zergling x6  
  189  20:15  Drone x2  
  194  20:32  Brood Lord  
  194  20:33  Brood Lord  
  198  20:40  Hatchery  
  197  20:46  Zerg Flyer Armor Level 1  
  197  20:52  Zerg Missile Weapons Level 3  
  197  21:06  Hatchery  
  179  21:17  Anabolic Synthesis  
  171  21:20  Drone  
  171  21:22  Ultralisk  
  172  21:41  Hydralisk x7  
  186  21:57  Lurker  
  186  21:58  Lurker  
  186  22:01  Lurker  
  189  22:03  Drone x5  
  194  22:18  Hydralisk x3  
  198  22:40  Overseer x3  
  198  22:41  Pneumatized Carapace  
  198  22:53  Extractor, Spore Crawler  
  198  22:57  Lurker, Spine Crawler  
  196  23:14  Corruptor x2  
  200  23:25  Hatchery  
  196  23:37  Brood Lord x2  
  173  24:14  Hydralisk  
  173  24:15  Hydralisk x12  
  187  24:39  Hydralisk  
  187  24:40  Drone, Hydralisk x5  
  197  25:05  Hydralisk  
  183  25:15  Overseer  
  183  25:16  Overseer x2  
  183  25:17  Overlord x3, Hydralisk x2  
  183  25:18  Hydralisk x5  
  183  25:19  Hydralisk x4  
  139  25:38  Hydralisk x6  
  139  25:39  Hydralisk x5  
  149  25:53  Ultralisk x2  
  149  25:55  Ultralisk  
  163  26:08  Ultralisk  
  169  26:27  Ultralisk x2  
  181  26:34  Ultralisk  
  185  26:59  Hydralisk  
  185  27:00  Hydralisk x4  
  185  27:01  Hydralisk x2  
  199  27:10  Drone  
  178  27:31  Hydralisk  
  178  27:32  Hydralisk x7  
  178  27:33  Hydralisk x3  
  196  28:33  Lurker x4  
  200  28:40  Overseer x3  
  200  28:41  Overseer  
  200  28:49  Hatchery  
  199  29:17  Hatchery  
  192  30:18  Hydralisk  
  192  30:19  Corruptor x3  
  200  31:01  Overlord x3  
  200  31:55  Hatchery  
  199  32:43  Hatchery  
  195  32:51  Overlord x2  
  195  32:53  Corruptor x2  
  195  32:57  Lurker  
  200  33:03  Hatchery  
  196  33:15  Hatchery  
  195  33:36  Corruptor x2  
  199  35:13  Spore Crawler  
  199  35:14  Spore Crawler x2  
  197  35:17  Spore Crawler  
  197  35:20  Spore Crawler x2  
  197  35:21  Brood Lord x4, Spine Crawler, Spore Crawler  
  195  37:01  Lurker  
  193  37:13  Spine Crawler  
  193  37:14  Spine Crawler  
  193  37:15  Spine Crawler  
  190  37:16  Spine Crawler x2  
  190  37:17  Spine Crawler  
  190  37:19  Spine Crawler  
  186  37:38  Corruptor x6  
  186  37:39  Corruptor  
  198  40:05  Overseer  
Show
View Real Time Build Order
Export as new Build Order

papa Terran 

Build Orders: Reaper Expand 

Get SALT Encoding   

  12  0:00  SCV  
  13  0:13  SCV  
  14  0:18  Supply Depot  
  14  0:25  SCV  
  15  0:39  Refinery  
  15  0:41  Barracks  
  15  0:44  SCV  
  16  0:56  SCV  
  17  1:09  SCV  
  18  1:21  SCV  
  19  1:32  Reaper  
  20  1:36  Supply Depot  
  20  1:37  Orbital Command  
  20  1:53  Command Center  
  20  2:09  Marine  
  20  2:11  Factory  
  21  2:41  SCV  
  22  2:53  SCV  
  22  2:55  Hellion  
  25  2:58  Bunker  
  25  2:59  Barracks Reactor  
  25  3:05  Barracks, SCV  
  25  3:07  Orbital Command  
  26  3:18  SCV  
  27  3:38  SCV  
  28  3:45  Marine x2  
  28  3:46  Factory Tech Lab  
  28  3:47  SCV  
  31  3:50  SCV  
  31  3:51  Refinery  
  31  3:54  Starport  
  32  4:00  Bunker, SCV  
  32  4:01  Marine  
  34  4:03  Marine x2  
  34  4:05  Siege Tank  
  39  4:11  SCV  
  40  4:32  SCV x2  
  42  4:44  SCV x2  
  44  4:48  Bunker, Barracks Tech Lab  
  44  4:52  Engineering Bay  
  44  4:55  Supply Depot  
  44  4:56  SCV  
  44  4:57  SCV  
  46  5:08  Refinery  
  46  5:17  Siege Tank, SCV x2, Liberator  
  54  5:38  SCV  
  54  5:49  Sensor Tower  
  54  5:51  Orbital Command  
  54  5:59  Missile Turret  
  54  6:04  Starport Reactor  
  54  6:07  Command Center  
  54  6:13  Barracks  
  54  6:46  Missile Turret  
  54  6:59  Stimpack  
  54  7:01  Marine, SCV x2  
  54  7:02  Marine  
  54  7:12  Marine x2  
  54  7:13  SCV  
  54  7:15  SCV  
  54  7:18  Liberator  
  54  7:19  Marine  
  54  7:20  Marine  
  54  7:23  Siege Tank  
  54  7:25  SCV  
  54  7:27  SCV  
  54  7:29  Marine x2  
  59  7:36  Marine  
  59  7:37  Marine, SCV  
  59  7:39  SCV  
  57  7:47  Marine x2  
  52  7:54  Marine  
  52  7:55  Marine  
  52  7:59  SCV x3  
  52  8:05  Marine x2  
  54  8:06  Viking  
  54  8:11  SCV x2  
  54  8:12  Marine  
  61  8:13  Marine  
  61  8:14  Medivac  
  64  8:23  Marine x2  
  64  8:25  Bunker  
  66  8:30  Marine, Missile Turret  
  66  8:31  Marine  
  68  8:41  Marine  
  69  8:44  Combat Shield  
  69  9:05  SCV  
  69  9:07  Marine  
  69  9:08  Marine, SCV x2  
  69  9:09  Marine  
  69  9:14  Marine  
  69  9:15  Medivac  
  69  9:22  Bunker  
  69  9:46  Supply Depot  
  69  9:48  Supply Depot  
  69  9:49  Supply Depot  
  69  9:53  Barracks Reactor  
  69  10:00  Marine x3  
  69  10:01  Siege Tank, SCV x2  
  69  10:03  Concussive Shells  
  77  10:07  Medivac x2  
  77  10:13  Barracks, SCV x2  
  83  10:17  Armory  
  83  10:18  Marine x3, Hi-Sec Auto Tracking  
  83  10:19  Engineering Bay  
  86  10:25  SCV x2  
  88  10:29  Refinery  
  88  10:36  Marine x3, Supply Depot  
  88  10:37  Medivac  
  93  10:48  Planetary Fortress  
  93  10:50  SCV x2  
  95  11:01  Missile Turret  
  95  11:02  SCV x2  
  95  11:03  Missile Turret  
  97  11:14  SCV x2  
  97  11:15  Marine x3  
  97  11:16  Marine x3  
  97  11:17  Siege Tank  
  108  11:24  Viking  
  106  11:27  SCV x2  
  106  11:32  Factory  
  101  11:38  Missile Turret  
  101  11:41  Bunker  
  101  11:45  SCV  
  102  11:49  Bunker  
  102  11:53  Missile Turret  
  102  11:59  Supply Depot  
  102  12:02  Drilling Claws  
  102  12:06  SCV x3  
  102  12:08  Barracks Reactor  
  105  12:09  Marine x4  
  105  12:11  Terran Infantry Armor Level 1, Terran Infantry Weapons Level 1  
  109  12:20  SCV x3  
  112  12:32  SCV x2  
  112  12:36  Factory Tech Lab  
  112  12:37  Siege Tank  
  117  12:46  Missile Turret  
  117  12:48  Refinery  
  117  13:03  Marine  
  117  13:08  SCV  
  117  13:16  Refinery  
  117  13:21  Missile Turret  
  117  13:32  Sensor Tower  
  117  13:33  Command Center  
  117  13:40  Bunker  
  117  13:42  Terran Vehicle And Ship Armor Level 1, Starport  
  117  13:45  Supply Depot  
  117  13:48  Supply Depot  
  117  13:49  Supply Depot  
  117  13:50  Missile Turret  
  117  14:02  Supply Depot  
  117  14:07  Marine x5, Siege Tank  
  117  14:09  Starport  
  125  14:10  Marine x2, Siege Tank, SCV x3  
  125  14:14  Supply Depot  
  125  14:15  Supply Depot  
  125  14:16  Supply Depot  
  133  14:22  SCV x3  
  136  14:24  Marine  
  136  14:27  Marine  
  136  14:29  Refinery  
  136  14:31  Terran Infantry Weapons Level 2  
  138  14:32  Terran Infantry Armor Level 2  
  138  14:33  Fusion Core  
  138  14:37  Missile Turret  
  138  14:39  Marine, Widow Mine, Supply Depot  
  138  14:40  Marine x4  
  138  14:42  Marine  
  146  14:45  Marine  
  146  14:47  Starport Tech Lab x2  
  146  14:48  Medivac x2  
  146  14:52  Planetary Fortress  
  151  15:18  Medivac  
  153  15:30  Siege Tank x2  
  153  15:32  Medivac x2, Viking  
  165  15:37  Ghost Academy  
  165  15:38  Rapid Reignition System  
  165  15:39  Terran Vehicle And Ship Armor Level 2  
  165  15:45  Command Center, Missile Turret  
  165  15:46  Missile Turret  
  165  15:47  Bunker  
  165  15:48  Viking, Missile Turret  
  167  15:50  Bunker  
  167  16:02  Raven  
  169  16:08  Siege Tank  
  169  16:11  SCV x3  
  175  16:23  SCV  
  176  16:31  Bunker  
  176  16:37  Barracks  
  176  16:40  Barracks x2  
  176  17:00  Refinery  
  176  17:01  Bunker  
  176  17:04  Refinery  
  176  17:06  Bunker, Missile Turret  
  176  17:07  Marine x4  
  176  17:08  Marine x3  
  183  17:15  Missile Turret  
  183  17:18  Neosteel Armor  
  183  17:19  Missile Turret, Terran Infantry Weapons Level 3  
  183  17:20  Personal Cloaking  
  183  17:23  Refinery  
  183  17:25  Marine x4, Missile Turret, Armory  
  183  17:26  Marine, Advanced Ballistics  
  183  17:29  Bunker, Missile Turret  
  188  17:32  Missile Turret  
  188  17:38  Missile Turret  
  188  17:41  SCV  
  189  17:49  Sensor Tower, Missile Turret  
  189  17:50  Siege Tank  
  189  17:51  Siege Tank  
  195  17:52  Missile Turret  
  195  17:58  Missile Turret  
  195  18:06  Command Center  
  195  18:08  Bunker  
  195  18:10  Orbital Command  
  195  18:15  Missile Turret  
  195  18:16  Missile Turret  
  195  18:23  Siege Tank  
  180  19:13  Marine x8  
  180  19:14  Marine x2  
  183  19:21  Viking x3  
  183  19:22  Viking  
  183  19:24  Planetary Fortress  
  191  19:26  Missile Turret  
  191  19:30  Marine  
  192  19:45  Command Center, Missile Turret  
  192  19:46  Missile Turret  
  192  19:51  Viking x2  
  196  19:58  Raven  
  196  19:59  Raven  
  200  20:01  Barracks Tech Lab x2  
  200  20:04  Nuke  
  200  20:07  Terran Infantry Armor Level 3  
  200  20:08  Terran Vehicle And Ship Armor Level 3  
  200  20:09  Sensor Tower, Terran Ship Weapons Level 1  
  200  20:12  Command Center  
  200  20:13  Missile Turret  
  170  21:06  Marine x5  
  160  21:18  Marine  
  138  21:19  Marine, Ghost, Marauder x2  
  144  21:32  Refinery  
  144  21:35  Planetary Fortress  
  143  21:40  Ghost x2  
  143  21:46  SCV x2  
  149  21:47  SCV  
  149  21:48  Ghost  
  149  21:49  Refinery  
  152  21:55  Missile Turret  
  152  21:56  Medivac, Viking x3  
  152  21:59  Marine x2  
  152  22:01  Missile Turret  
  163  22:02  Missile Turret  
  163  22:03  Terran Vehicle Weapons Level 1  
  163  22:04  Missile Turret  
  163  22:08  Ghost x2  
  166  22:16  Ghost, Missile Turret  
  168  22:23  Bunker  
  168  22:26  Medivac x3, Viking  
  168  22:28  Siege Tank x2  
  177  22:37  Ghost x2  
  181  22:45  Ghost  
  183  22:52  Missile Turret  
  183  22:56  Medivac x3, Viking  
  183  22:58  Barracks Tech Lab  
  191  23:05  Ghost  
  193  23:19  Bunker  
  193  23:26  Medivac, Viking x3  
  198  23:27  Orbital Command  
  196  23:36  Bunker  
  172  23:56  Viking  
  152  24:10  Marauder  
  152  24:11  Marauder  
  148  24:17  Marine x8  
  148  24:20  Medivac, Viking x2  
  162  24:26  Medivac  
  164  24:31  Marine x2  
  164  24:34  Marine  
  164  24:35  Marine x7  
  169  24:49  Marine x2  
  169  24:50  Medivac, Viking x2  
  169  24:52  Marine  
  177  24:53  Marine x7  
  177  24:56  Medivac  
  187  25:07  Marine x2  
  187  25:10  Marine  
  184  25:19  Medivac, Viking  
  124  26:18  Bunker  
  122  26:20  Raven  
  122  26:21  Liberator x2, Raven  
  86  27:22  Orbital Command  
  30  27:59  Marine x2, Marauder x2  
  36  28:06  Marine  
  36  28:07  Marauder  
  35  28:39  Marine x2  
  35  28:40  Marine x4  
  37  30:09  Orbital Command  
  32  31:35  Orbital Command  
Tags
 
Add a new tag
Caveats
  • Supply blocks, unpowered buildings, or Contaminate may cause inaccurate times.
  • Supply counts are checked every 10 seconds.